 Dungeon Crawl Stone Soup version 0.31.0-12-g77e489cdc1 (webtiles) character file.

Game seed: 6837608163042862653

39 Doot the Changeling (level 3, 0/23 HPs)
             Began as an Octopode Shapeshifter on Feb 26, 2024.
             Slain by a gnoll
             ... wielding a +0 halberd of freezing
              (7 damage)
             ... on level 3 of the Dungeon.
             The game lasted 00:00:58 (416 turns).

Doot the Changeling (Octopode Shapeshifter)          Turns: 416, Time: 00:00:59

Health: 0/23       AC:  1    Str: 15    XL:     3   Next: 45%
Magic:  3/3        EV: 13    Int: 12    God:
Gold:   56         SH:  0    Dex: 11    Spells: 2/2 levels left

rFire   . .          .
                       - Unarmed
rCold   . . .        (no shield)
rNeg    . . .        (helmet currently unavailable)
rPois   .            (no amulet)
rElec   .            (no ring)
rCorr   .            (no ring)
SInv    .            (no ring)
Will    .....        (no ring)
Stlth   ++           (no ring)
HPRegen 0.23/turn    (no ring)
MPRegen 0.08/turn    (no ring)
                     (no ring)

%: no passive effects
@: beast-form
A: beast (slay +2), almost no armour, amphibious, 8 rings, camouflage 1,
gelatinous body 1, (nimble swimmer 1), tentacles
a: Begin Untransformation


You were on level 3 of the Dungeon.
You were a hulking beast.
You visited 1 branch of the dungeon, and saw 3 of its levels.

You collected 56 gold pieces.

Inventory:

Talismans
 b - a beast talisman (active)
 c - a flux talisman
 g - a maw talisman
Scrolls
 d - a scroll of teleportation {unknown}
 f - a scroll of revelation {unknown}
Potions
 a - 2 potions of lignification
 e - a potion of curing {unknown}
 h - a potion of enlightenment {unknown}
 i - a potion of mutation {unknown}


   Skills:
 + Level 1.0 Fighting
 + Level 2.0 Dodging
 * Level 3.4 Unarmed Combat
 * Level 3.9 Shapeshifting


You had 2 spell levels left.
You didn't know any spells.
Your spell library was empty.

Dungeon Overview and Level Annotations

Branches:
Dungeon (3/15)

Altars:


Innate Abilities, Weirdness & Mutations

You are a hulking beast.
Your limbs bulge with bestial killing power. (Slay +2)
You cannot wear most types of armour.
You are amphibious.
You can wear up to eight rings at the same time.
Your skin changes colour to match your surroundings (Stealth+).
Your rubbery body absorbs attacks. (AC +1, EV +1)
((You are camouflaged when in or above water. (Stealth+)))
You have tentacles for arms and can constrict up to eight enemies at once.


Message History

You now have 56 gold pieces (gained 15).
A gnoll comes into view. It is wielding a +0 whip.
A gnoll comes into view. It is wielding a +1 whip of freezing.
A ball python comes into view.
The gnoll shouts!
The ball python hisses angrily.
You hear a bark!
The gnoll shouts!
You hear a shout!
You bludgeon the ball python!
You kill the ball python!
A hound comes into view.
The gnoll misses you.
You see here a ball python corpse.
You tentacle-slap the gnoll. Your grab misses the gnoll. You squeeze the gnoll.
The gnoll is severely wounded.
The gnoll hits you with a +1 whip of freezing!
Ouch! That really hurt!
The gnoll freezes you.
You tentacle-slap the gnoll.
You kill the gnoll!
You have reached level 3!
Your experience leads to an increase in your attributes!
Increase (S)trength, (I)ntelligence, or (D)exterity?
You feel stronger. x2
You tentacle-slap the gnoll. Your grab misses the gnoll.
The gnoll is moderately wounded.
A gnoll comes into view.
It is wielding a +0 halberd of freezing.
The gnoll barely misses you.
You tentacle-slap the gnoll. You grab the gnoll. You squeeze the gnoll.
The gnoll is moderately wounded.
You constrict the gnoll, but do no damage.
The gnoll completely misses you.
You bludgeon the gnoll!
You kill the gnoll!
The gnoll attacks as it pursues you!
The gnoll hits you from afar with a +0 halberd of freezing.
The gnoll freezes you.
* * * LOW HITPOINT WARNING * * *
The gnoll attacks as it pursues you!
The gnoll hits you from afar with a +0 halberd of freezing!
You die...

#.# #)# #†#
#.# #.# #.#
#g# #.# #h#
#.# ###
#.###.##
#.##...####.
#.............
#.>#...####..#
#.....#......#
##.#.#...##.##
#......#.....#


You could see a gnoll.

Vanquished Creatures
  2 gnolls (D:3)
  A dart slug (D:2)
  An endoplasm (D:1)
  3 hobgoblins
  4 ball pythons
  A bat (D:1)
  A frilled lizard (D:2)
  2 goblins (D:2)
  4 kobolds
  2 rats (D:2)
21 creatures vanquished.

Notes
Turn   | Place    | Note
-------+----------+-------------------------------------------
     0 | D:1      | Doot the Octopode Shapeshifter began the quest for the Orb.
     0 | D:1      | Reached XP level 1. HP: 13/13 MP: 1/1
   124 | D:1      | Reached XP level 2. HP: 18/18 MP: 2/2
   408 | D:3      | Reached XP level 3. HP: 9/23 MP: 3/3
   416 | D:3      | Slain by a gnoll

Illustrated notes

Levels and vault maps discovered:
D:1:      dpeg_arrival_chambers_temple_mockup, layout_rooms
D:2:      layout_rooms
D:3:      layout_loops_ring

Action                     || total
---------------------------++-------
  Melee: Unarmed           ||    34
         Constrict         ||    11
         Tentacles         ||     7
         Punch             ||     1
 Armour: Skin              ||    10
  Dodge: Dodged            ||    22
   Form: Beast             ||     1
